 Dungeon Crawl Stone Soup version 0.27-a0-1189-gb8eb6cee8e (webtiles) character file.

Game seed: 17486479860424424117

105 siradein the Cutter (level 4, 0/34 HPs)
             Began as a Vampire Monk on May 22, 2021.
             Succumbed to an adder's poison
             ... on level 2 of the Dungeon.
             The game lasted 00:01:56 (1025 turns).

siradein the Cutter (Vampire Monk)                  Turns: 1025, Time: 00:01:56

Health: 0/34       AC:  3    Str: 10    XL:     4   Next: 54%
Magic:  4/4        EV: 12    Int: 12    God:
Gold:   84         SH:  0    Dex: 17    Spells: 3/3 levels left

rFire    . . .     SeeInvis +   a - +0 short sword
rCold    . . .     Faith    .   (no shield)
rNeg     . . .     Spirit   .   d - +0 leather armour
rPois    .         Reflect  .   (no helmet)
rElec    .         Harm     .   (no cloak)
rCorr    .         Rampage  .   (no gloves)
Will     .....                  (no boots)
Stlth    ++........             (no amulet)
HPRegen  0.31/turn              (no ring)
MPRegen  0.09/turn              (no ring)

@: lethally poisoned (0 -> -1), healing quickly
A: alive, fangs 3, see invisible, vampiric 2
a: Exsanguinate


You were on level 2 of the Dungeon.
You visited 1 branch of the dungeon, and saw 2 of its levels.

You collected 84 gold pieces.

Inventory:

Hand Weapons
 a - a +0 short sword (weapon)
Missiles
 c - 22 poisoned darts (quivered)
Armour
 d - a +0 leather armour (worn)
Scrolls
 e - a scroll of enchant armour {unknown}
 g - 2 scrolls of teleportation {unknown}
Potions
 b - a potion of magic {unknown}
 f - a potion of invisibility {unknown}
 h - a potion of curing {unknown}


   Skills:
 - Level 2.6 Fighting
 + Level 5.9 Short Blades
 - Level 3.2 Dodging
 - Level 3.0 Stealth


You had 3 spell levels left.
You didn't know any spells.
Your spell library was empty.

Dungeon Overview and Level Annotations

Branches:
Dungeon (2/15)

Altars:


Innate Abilities, Weirdness & Mutations

Your natural rate of healing is accelerated.
You have razor-sharp teeth.
You have supernaturally acute eyesight. (SInv)
You are afflicted with vampirism and can become a bat while bloodless.


Message History

The adder bites you.
You are poisoned.
The adder poisons you!
You hit the adder. Your bite misses the adder.
The adder is severely wounded.
You feel sick. The adder closely misses you. The adder misses you.
You hit the adder.
The adder is almost dead.
You feel sick. The adder barely misses you.
You hit the adder but do no damage.
The adder is almost dead.
You feel sick. The adder bites you.
* * * LOW HITPOINT WARNING * * *
You hit the adder but do no damage.
The adder is almost dead.
You feel sick. The adder bites you.
* * * LOW HITPOINT WARNING * * *
You hit the adder but do no damage.
The adder is almost dead.
You feel sick.
You are no longer poisoned.
The adder barely misses you.
You closely miss the adder.
The adder is almost dead.
The adder bites you.
* * * LOW HITPOINT WARNING * * *
You are poisoned.
The adder poisons you!
You barely miss the adder.
The adder is almost dead.
* * * LOW HITPOINT WARNING * * *
You feel sick. The adder bites you but does no damage.
You closely miss the adder.
The adder is almost dead.
* * * LOW HITPOINT WARNING * * *
You feel sick. The adder bites you.
* * * LOW HITPOINT WARNING * * *
You hit the adder but do no damage. You bite the adder.
You kill the adder!
You die...

#.#######.# ..# #.# #.#
#.# #.#######.## #.#
#...........
###.###########.## #....
.......... #.#.#
#######.##
.)#####.#.#####.......##
...[...@......'.........
..###)..#'#####.......##
#....... #.......##
#........########.##
#........# #.##
$........... ...>
####.#.###### .## #.#.#


There were no monsters in sight!

Vanquished Creatures
  A hound (D:2)
  4 adders (D:2)
  2 dart slugs (D:1)
  4 endoplasms (D:1)
  3 hobgoblins
  4 jackals (D:1)
  A quokka (D:1)
  3 ball pythons
  4 bats
  4 frilled lizards
  3 goblins
  5 kobolds (D:2)
  8 rats
46 creatures vanquished.

Notes
Turn   | Place    | Note
-------+----------+-------------------------------------------
     0 | D:1      | siradein the Vampire Monk began the quest for the Orb.
     0 | D:1      | Reached XP level 1. HP: 17/17 MP: 1/1
   162 | D:1      | Reached XP level 2. HP: 23/23 MP: 2/2
   169 | D:1      | Reached skill level 4 in Short Blades
   417 | D:1      | Gained mutation: You are afflicted with vampirism and can
                  | become a bat while bloodless. [Vampire growth]
   417 | D:1      | Reached XP level 3. HP: 28/28 MP: 3/3
   654 | D:2      | Reached skill level 5 in Short Blades
   989 | D:2      | Reached XP level 4. HP: 34/34 MP: 4/4
  1024 | D:2      | HP: 1/34 [adder (1)]
  1025 | D:2      | Succumbed to an adder's poison

Illustrated notes

Levels and vault maps discovered:
D:1:      roderic_dead_forest, layout_basic, minmay_cut_off
D:2:      layout_basic, ebering_ecumenical_altar_webs, minmay_circle_x,
          uniq_crazy_yiuf_cottage

Skill      XL: |  1  2  3 |
---------------+----------+-----
Short Blades   | 4 5 |  5.9
Fighting       | |  2.6
Dodging        | |  3.2
Stealth        | |  3.0

Action                   |  1- 3 |  4- 6 || total
-------------------------+-------+-------++-------
Melee: Short sword       |   153 |    26 ||   179
       Bite              |     9 |     1 ||    10
 Stab: Sleeping          |     6 |       ||     6
Armor: Robe              |     4 |       ||     4
       Leather armour    |    34 |     2 ||    36
Dodge: Dodged            |    71 |    12 ||    83

Table legend: (Time is in decaauts)
 A = Elapsed time spent in this place.
 B = Non-inter-level travel time spent in this place.
 C = Inter-level travel time spent in this place.
 D = Time resting spent in this place.
 E = Time spent auto-exploring this place.
 F = Levels seen in this place.
 G = Mean time per level.
                   A        B        C        D        E       F      G
               +--------+--------+--------+--------+--------+-----+--------+
         Total |   1000 |    995 |      5 |      0 |    689 |   2 |  500.0 |
       Dungeon |   1000 |    995 |      5 |      0 |    689 |   2 |  500.0 |
               +--------+--------+--------+--------+--------+-----+--------+

Top non-repeatable levels by time:
     D:1: 588 daAuts
     D:2: 411 daAuts
